 Dungeon Crawl Stone Soup version 0.23.2-1-ga50397a (webtiles) character file.

Game seed: 9353124714115799083

2383 MalarOregon the Fighter (level 9, -1/75 HPs)
             Began as a Merfolk Ice Elementalist on May 25, 2019.
             Slain by a wraith (8 damage)
             ... on level 7 of the Dungeon.
             The game lasted 00:28:45 (10349 turns).

MalarOregon the Fighter (Merfolk Ice Elementalist) Turns: 10349, Time: 00:28:46

Health: -1/75      AC:  2    Str:  9    XL:     9   Next: 45%
Magic:  0/19       EV: 13    Int: 17    God:
Gold:   25         SH:  5    Dex: 14    Spells: 10/21 levels left

rFire    x . .     SeeInvis .   b - +2 dagger (holy)
rCold    + . .     Gourm    .   p - +0 buckler {rPois}
rNeg     . . .     Faith    .   B - +0 robe
rPois    +         Spirit   .   (no helmet)
rElec    .         Reflect  .   (no cloak)
rCorr    +         Harm     .   (no gloves)
MR       .....                  (no boots)
Stlth    ++........             r - amulet of the acrobat
HPRegen  0.22/turn              k - ring of resist corrosion
MPRegen  0.16/turn              g - ring of ice

@: very slightly contaminated, slowed, studying Fighting, very slow
A: change form in water, swift swim, stealthy swim
a: no special abilities


You were on level 7 of the Dungeon.
You were hungry.

You visited 2 branches of the dungeon, and saw 8 of its levels.

You collected 194 gold pieces.
You spent 169 gold pieces at shops.

Inventory:

Hand Weapons
 a - a +3 dagger of venom
   (You took it off Ijyb on level 4 of the Dungeon)
 b - a +2 dagger of holy wrath (weapon)
   (You took it off a kobold on level 1 of the Dungeon)
 i - a +1 dagger of protection
   (You found it on level 5 of the Dungeon)
Missiles
 w - a throwing net (quivered) {!f}
Armour
 p - a +0 buckler of poison resistance (worn)
   (You found it on level 6 of the Dungeon)
 B - a +0 robe (worn)
Jewellery
 g - a ring of ice (right hand)
   (You found it on level 5 of the Dungeon)
 k - a ring of resist corrosion (left hand)
   (You found it on level 2 of the Dungeon)
 r - an amulet of the acrobat (around neck)
   (You found it on level 3 of the Dungeon)
 A - a cursed amulet of inaccuracy {unknown}
   (You found it on level 7 of the Dungeon)
Wands
 d - a wand of iceblast (8)
   (You took it off Ijyb on level 4 of the Dungeon)
 t - a wand of flame (8)
   (You found it on level 7 of the Dungeon)
 u - a wand of paralysis (5)
   (You found it on level 6 of the Dungeon)
 y - a wand of clouds (6)
   (You found it on level 6 of the Dungeon)
Scrolls
 h - 3 scrolls of remove curse {@r2}
 s - a scroll of teleportation {@r4}
Potions
 c - 2 potions of brilliance
 f - 2 potions of haste {@q3}
 j - a potion of flight
 l - 2 potions of invisibility
 m - 3 potions of resistance {unknown}
 n - a potion of berserk rage {unknown}
 o - a potion of ambrosia
 q - a potion of heal wounds {unknown}
 v - 2 potions of curing {@q1}
 x - 2 potions of agility
Books
 z - a manual of Fighting {!d}
   (You found it on level 4 of the Dungeon)
Comestibles
 e - 7 rations {!d}


   Skills:
 + Level 8.4 Fighting
 - Level 3.0 Dodging
 - Level 3.0 Stealth
 - Level 4.0 Shields
 + Level 6.9 Spellcasting
 + Level 5.0 Conjurations
 + Level 0.0 Summonings
 + Level 5.0 Ice Magic


You had 10 spell levels left.
You knew the following spells:

 Your Spells              Type           Power        Failure   Level  Hunger
a - Freeze                Ice            ####         1%          1    None
c - Throw Icicle          Conj/Ice       ####....     14%         4    ####...
d - Summon Ice Beast      Ice/Summ       ###.....     38%         4    ####...
x - Throw Frost           Conj/Ice       ####..       2%          2    None

Your spell library contained the following spells:

 Spells                   Type           Power        Failure   Level  Hunger
 Ozocubu's Armour         Chrm/Ice       ###.....     13%         3    ##.....


Dungeon Overview and Level Annotations

Branches:
Dungeon (7/15)             Temple (1/1) D:6

Altars:
Ashenzari
Cheibriados
Dithmenos
Elyvilon
Gozag
Hepliaklqana
Okawaru
Qazlal
Ru
Sif Muna
Trog
Uskayaw
Wu Jian
Xom
Zin
The Shining One

Shops:
D:6 *   D:7 :


Message History

The wraith completely misses you.
You hit the wraith but do no damage. The wraith completely misses you.
You barely miss the wraith. You block the wraith's attack.
The wraith closely misses you.
You closely miss the wraith.
You feel yourself speed up. The wraith hits you.
You closely miss the wraith. The wraith closely misses you.
You barely miss the wraith. The wraith hits you!
* * * LOW HITPOINT WARNING * * *
The wraith drains your vigour!
You feel yourself slow down.
Aim: a wraith (heavily damaged)
You feel a surge of power!
The shard of ice hits the wraith!
The wraith partially resists.
The wraith hits you.
* * * LOW HITPOINT WARNING * * *
The wraith drains your vigour!
You feel as though you will be slow longer.
The wraith hits you.
* * * LOW HITPOINT WARNING * * *
Aim: a wraith (almost destroyed)
You feel a surge of power!
The shard of ice misses the wraith.
The wraith misses you.
Unknown command.
Aim: a wraith (almost destroyed)
You feel a surge of power!
You miscast Throw Icicle.
You are very lightly contaminated with residual magic.
You smell something strange.
You block the wraith's attack. The wraith hits you!
* * * LOW HITPOINT WARNING * * *
The wraith drains your vigour!
You feel as though you will be slow longer.
Aim: a wraith (almost destroyed)
You feel a surge of power!
The shard of ice misses the wraith.
You are feeling hungry.
The wraith hits you.
* * * LOW HITPOINT WARNING * * *
Aim: a wraith (almost destroyed)
You feel a surge of power!
The shard of ice hits the wraith.
The wraith partially resists.
You block the wraith's attack. The wraith hits you.
* * * LOW HITPOINT WARNING * * *
The wraith drains your vigour!
You feel as though you will be slow longer.
You barely miss the wraith. The wraith closely misses you.
You hit the wraith but do no damage. The wraith hits you but does no damage.
The wraith hits you!
* * * LOW HITPOINT WARNING * * *
You feel better. The wraith hits you!
You die...

#.#.....# #........##....#####.#
#.#.#..## #........##..#.'∩##...
#.#.##.# #........##..#####....
#.#.##.#####........##..###.##..#
..)<.......................>##..#
######..#####.#.....##..######..#
.......## ##########..# #..#
######## #W#.##8..######..# ...#
#+#+#+#@#'###....(.##..# ##.#
.$.........'...###.##..# #.#
#+#+#+#+#'###..#....#..# ##.##
#.##8..#........ ....#
#####..#..#.#### ....#####
...#..###### ........#
#...#........ ....###.#
#...#)####### ....###.# )#. ....


You could see a wraith.

Vanquished Creatures
  Eustachio (D:5)
  A water moccasin (D:4)
  2 sky beasts
  4 ogres
  A phantom (D:6)
  A necrophage (D:5)
  A centaur (D:6)
  Blork the orc (D:4)
  2 bullfrogs
  2 scorpions
  A troll skeleton (D:7)
  5 crimson imps
  A human zombie (D:7)
  2 centaur zombies
  2 hounds (D:4)
  An orc priest (D:6)
  2 bullfrog skeletons
  3 jellies
  Ijyb (D:4)
  2 iguanas
  4 worker ants
  2 orc wizards (D:7)
  A killer bee zombie (D:7)
  A howler monkey zombie (D:6)
  7 adders
  7 gnolls
  2 shadow imps
  An ooze (D:3)
  An adder skeleton (D:6)
  3 dart slugs (D:2)
  7 leopard geckos
  10 orcs
  8 giant cockroaches
  8 goblins
  6 hobgoblins
  9 jackals
  10 kobolds
  2 quokkas
  9 bats
  4 frilled lizards
  A jackal zombie (D:7)
  9 rats
148 creatures vanquished.

Notes
Turn   | Place    | Note
-------+----------+-------------------------------------------
     0 | D:1      | MalarOregon the Merfolk Ice Elementalist began the quest
                  | for the Orb.
     0 | D:1      | Reached XP level 1. HP: 13/13 MP: 3/3
   266 | D:1      | Reached XP level 2. HP: 19/19 MP: 3/5
   803 | D:1      | Reached XP level 3. HP: 6/24 MP: 1/6
  1128 | D:2      | Learned a level 2 spell: Throw Frost
  1130 | D:2      | Found a shattered altar of Ashenzari.
  1244 | D:1      | Reached skill level 1 in Conjurations
  1295 | D:2      | Reached XP level 4. HP: 24/30 MP: 4/8
  1718 | D:2      | Found a snail-covered altar of Cheibriados.
  2210 | D:2      | Reached XP level 5. HP: 35/35 MP: 2/9
  2368 | D:2      | Learned a level 4 spell: Throw Icicle
  3478 | D:3      | Learned a level 4 spell: Summon Ice Beast
  4111 | D:4      | Reached XP level 6. HP: 34/41 MP: 10/12
  4178 | D:4      | Found an iron altar of Okawaru.
  4305 | D:4      | Noticed Ijyb
  4316 | D:4      | Killed Ijyb
  4405 | D:4      | Noticed a water moccasin
  4415 | D:4      | Killed a water moccasin
  4415 | D:4      | Reached XP level 7. HP: 21/46 MP: 8/14
  4765 | D:4      | Noticed Blork the orc
  4776 | D:4      | Killed Blork the orc
  4776 | D:4      | Reached skill level 1 in Fighting
  4892 | D:4      | Found a shimmering altar of Xom.
  5199 | D:5      | Entered Level 5 of the Dungeon
  5281 | D:5      | Reached skill level 2 in Fighting
  5398 | D:5      | Reached skill level 5 in Spellcasting
  5545 | D:5      | Reached skill level 3 in Fighting
  5872 | D:5      | Found a hide-covered altar of Uskayaw.
  6078 | D:5      | Noticed Eustachio
  6136 | D:5      | Killed Eustachio
  6136 | D:5      | Reached skill level 4 in Fighting
  6136 | D:5      | Reached XP level 8. HP: 43/60 MP: 6/16
  6627 | D:6      | Found a staircase to the Ecumenical Temple.
  6634 | Temple   | Entered the Ecumenical Temple
  6700 | D:6      | Reached skill level 5 in Fighting
  6700 | D:6      | Reached skill level 5 in Ice Magic
  6764 | D:6      | Found an ornate altar of the Wu Jian Council.
  7246 | D:6      | Reached skill level 6 in Fighting
  7646 | D:6      | Reached skill level 5 in Conjurations
  8011 | D:6      | Reached skill level 7 in Fighting
  8097 | D:6      | Found Kyump's General Store.
  8120 | D:6      | Bought a potion of curing for 39 gold pieces
  8120 | D:6      | Bought a scroll of teleportation for 39 gold pieces
  8120 | D:6      | Bought a potion of curing for 39 gold pieces
  8120 | D:6      | Bought a potion of agility for 52 gold pieces
  8654 | D:5      | Reached skill level 1 in Shields
  8654 | D:5      | Reached XP level 9. HP: 51/70 MP: 18/18
  9361 | D:7      | Reached skill level 8 in Fighting
  9920 | D:7      | Found Rodoh's Book Shoppe.
 10348 | D:7      | HP: 3/73 [wraith (9)]
 10349 | D:7      | Slain by a wraith

Skill      XL: |  1  2  3  4  5  6  7  8  9 |
---------------+----------------------------+-----
Dodging        | 3 |  3.0
Stealth        | 3 |  3.0
Ice Magic      | 4 5 |  5.0
Conjurations   | 1 2 3 4 5 |  5.0
Spellcasting   | 3 4 5 6 |  6.9
Fighting       | 4 7 8 |  8.4
Shields        | 1 4 |  4.0

Action                   |  1- 3 |  4- 6 |  7- 9 || total
-------------------------+-------+-------+-------++-------
Melee: Unarmed           |     2 |       |       ||     2
       Dagger            |     9 |    50 |   251 ||   310
 Cast: Freeze            |    44 |    91 |    29 ||   164
       Throw Frost       |     1 |     7 |    55 ||    63
       Throw Icicle      |       |     5 |     8 ||    13
  Use: Scroll            |       |       |    11 ||    11
       Potion            |       |       |     3 ||     3
 Stab: Sleeping          |     1 |     6 |     7 ||    14
  Eat: Chunk             |     2 |     8 |     9 ||    19
       Ration            |       |     1 |     3 ||     4
Armor: Robe              |     8 |    21 |    27 ||    56
Dodge: Dodged            |    33 |   105 |   183 ||   321
Block: Buckler           |       |       |    22 ||    22
